 Dungeon Crawl Stone Soup version 0.22-a0-268-g1cc83ef (webtiles) character file.

72314 mhoghedin the Thaumaturge (level 15, -8/115 HPs)
             Began as a Gnoll Wanderer on Mar 9, 2018.
             Was a High Priest of Sif Muna.
             Mangled by a tarantella (12 damage)
             ... on level 1 of the Spider Nest.
             The game lasted 01:25:10 (31779 turns).

mhoghedin the Thaumaturge (Gnoll Wanderer)         Turns: 31779, Time: 01:25:11

Health: -8/115     AC: 19    Str: 16    XL:     15   Next: 39%
Magic:  4/30       EV: 19    Int: 20    God:    Sif Muna [*****.]
Gold:   1283       SH: 10    Dex: 16    Spells: 0/37 levels left

rFire    + . .     SeeInvis +   a - +1 broad axe (venom)
rCold    + + +     Gourm    .   H - +3 buckler {rC+}
rNeg     + . .     Faith    .   s - +5 robe of Night {Dark MR+ SInv}
rPois    +         Spirit   .   V - +2 helmet
rElec    +         Reflect  .   M - +1 cloak of Syndicalism {rC++ rN+ Regen+ Dex+2}
rCorr    .         Harm     .   i - +2 pair of gloves
MR       +++..                  L - +1 pair of boots
Stlth    +++++.....             (no amulet)
HPRegen  0.69/turn              k - ring of fire {rF+, rC-}
MPRegen  0.22/turn              G - ring of the Forsaken Realms {rElec rPois rC+ MR+}

@: very slightly contaminated, divine energy
A: distributed training, fangs 1, strong nose
a: Stop Divine Energy, Channel Magic, Forget Spell, Renounce Religion


You were on level 1 of the Spider Nest.
You worshipped Sif Muna.
Sif Muna was extremely pleased with you.
You were not hungry.

You visited 4 branches of the dungeon, and saw 23 of its levels.
You also visited: Volcano.

You collected 1842 gold pieces.
You spent 559 gold pieces at shops.

Inventory:

Hand Weapons
 a - a +1 broad axe of venom (weapon)
   (You acquired it on level 2 of the Lair of Beasts)
Missiles
 g - 3 throwing nets {=f, !d}
Armour
 i - a +2 pair of gloves (worn)
   (You found it on level 1 of the Dungeon)
 s - the +5 robe of Night (worn) {Dark MR+ SInv}
   (You found it on level 4 of the Dungeon)

   It affects your resistance to hostile enchantments.
   It lets you see invisible.
 H - a +3 buckler of cold resistance (worn)
   (You found it on level 6 of the Lair of Beasts)
 L - a +1 pair of boots (worn)
   (You found it on level 3 of the Lair of Beasts)
 M - the +1 cloak of Syndicalism (worn) {rC++ rN+ Regen+ Dex+2}
   (You found it on level 3 of the Lair of Beasts)

   It affects your dexterity (+2).
   It greatly protects you from cold.
   It protects you from negative energy.
   It increases your rate of regeneration.
 V - a +2 helmet (worn)
   (You found it on level 10 of the Dungeon)
Magical Staves
 b - an uncursed staff of summoning {!a}
   (You found it on level 1 of the Lair of Beasts)
Jewellery
 k - a ring of fire (left hand) {rF+, rC-}
   (You found it on level 2 of the Dungeon)
 y - an uncursed ring of fire {rF+, rC-}
   (You found it on level 13 of the Dungeon)
 C - an uncursed ring of protection from fire {rF+, !d}
   (You found it on level 1 of the Lair of Beasts)
 D - an uncursed ring of protection from magic {MR+, !d}
   (You found it on level 5 of the Lair of Beasts)
 F - an uncursed ring of resist corrosion
   (You found it on level 1 of the Lair of Beasts)
 G - the ring of the Forsaken Realms (right hand) {rElec rPois rC+ MR+}
   (You bought it in a shop on level 5 of the Dungeon)

   [ring of poison resistance]

   It protects you from cold.
   It insulates you from electricity.
   It protects you from poison.
   It affects your resistance to hostile enchantments.
 P - a +4 ring of intelligence {unknown}
   (You found it on level 4 of the Lair of Beasts)
 Z - a cursed -2 ring of strength {unknown}
   (You took it off a centaur on level 15 of the Dungeon)
Wands
 m - a wand of paralysis (11)
   (You found it on level 4 of the Dungeon)
 p - a wand of random effects (48)
   (You found it on level 4 of the Lair of Beasts)
 w - a wand of polymorph (32)
   (You took it off Sigmund on level 5 of the Dungeon)
 S - a wand of digging (20)
   (You found it on level 6 of the Lair of Beasts)
 Y - a wand of disintegration (9)
   (You found it on level 15 of the Dungeon)
Scrolls
 c - 7 scrolls of teleportation
 j - 9 scrolls of remove curse
 l - 5 scrolls of immolation {!r}
 r - 4 scrolls of amnesia
 u - a scroll of identify
 x - 3 scrolls of fear
 I - a scroll of blinking {!r}
 Q - a scroll of silence
 U - 2 scrolls of fog
 W - 2 scrolls of magic mapping {!r}
Potions
 d - 3 potions of flight
 e - a potion of berserk rage {unknown}
 h - 3 potions of mutation {!q}
 n - a potion of brilliance {unknown}
 o - 3 potions of resistance
 q - 4 potions of heal wounds
 t - 12 potions of curing
 z - a potion of haste
 A - 4 potions of cancellation
 B - 5 potions of lignification {!q}
 X - 2 potions of agility {unknown}
Miscellaneous
 N - a fan of gales
   (You found it on level 3 of the Lair of Beasts)
 T - a crystal ball of energy
   (You found it on level 6 of the Lair of Beasts)
Comestibles
 f - 27 rations


   Skills:
 + Level 9.8 Fighting
 + Level 9.8 Short Blades
 + Level 9.8 Long Blades
 + Level 9.8 Axes
 + Level 9.8 Maces & Flails
 + Level 9.8 Polearms
 + Level 9.8 Staves
 + Level 9.8 Slings
 + Level 9.8 Bows
 + Level 9.8 Crossbows
 + Level 10.2 Throwing
 + Level 9.8 Armour
 + Level 9.8 Dodging
 + Level 10.1 Stealth
 + Level 9.8 Shields
 + Level 9.8 Unarmed Combat
 + Level 11.9 Spellcasting
 + Level 8.3 Conjurations
 + Level 8.3 Hexes
 + Level 8.3 Charms
 + Level 8.3 Summonings
 + Level 9.2 Necromancy
 + Level 8.3 Translocations
 + Level 8.3 Transmutations
 + Level 9.9 Fire Magic
 + Level 8.3 Ice Magic
 + Level 8.3 Air Magic
 + Level 8.3 Earth Magic
 + Level 8.3 Poison Magic
 + Level 10.7 Invocations
 + Level 9.8 Evocations


You couldn't memorise any spells.
You knew the following spells:

 Your Spells              Type           Power        Failure   Level  Hunger
a - Flame Tongue          Conj/Fire      #####        1%          1    None
b - Blink                 Tloc           N/A          1%          2    None
c - Call Imp              Summ           #####...     1%          2    None
d - Ignite Poison         Fire/Tmut/Pois ######..     1%          3    None
e - Ensorcelled Hibernat  Hex/Ice        #####.       1%          2    None
f - Fireball              Conj/Fire      ######....   3%          5    ####...
g - Apportation           Tloc           #####.       1%          1    None
h - Shroud of Golubria    Chrm/Tloc      #####.....   1%          2    None
i - Summon Lightning Spi  Summ/Air       #####...     1%          4    #......
j - Metabolic Englaciati  Hex/Ice        #####.....   4%          5    ####...
k - Alistair's Intoxicat  Tmut/Pois      #####...     4%          5    ####...
s - Swiftness             Chrm/Air       #####...     1%          2    None
x - Mephitic Cloud        Conj/Pois/Air  #####...     1%          3    None


Dungeon Overview and Level Annotations

Branches:
Dungeon (15/15)            Temple (1/1) D:7            Lair (6/6) D:8
  Swamp (0/4) Lair:4       Spider (1/4) Lair:4        Slime (0/5) Lair:6
    Orc (0/2) D:10         Vaults (0/5) D:13         Depths (0/5) D:15

Altars:
Ashenzari
Cheibriados
Dithmenos
Elyvilon
Fedhas
Gozag
Hepliaklqana
Kikubaaqudgha
Makhleb
Nemelex Xobeh
Okawaru
Qazlal
Ru
Sif Muna
Trog
Uskayaw
Vehumet
Wu Jian
Xom
Yredelemnul
Zin
The Shining One

Shops:
D:4 *   D:5 =   D:7 =   D:8 (   D:9 =   D:11 }   D:12 }


Innate Abilities, Weirdness & Mutations

Your experience applies equally to all skills.
You have very sharp teeth.
Your uncanny sense of smell can sniff out nearby items.


Message History

Your lightning spire completely resists.
The demonic crawler closely misses you. You block the demonic crawler's attack.
The demonic crawler completely misses you.
The tarantella bites you.
You are confused.
You take 2 damage, and have 49/115 hp.
Unknown command.
The jumping spider leaps!
The demonic crawler completely misses you.
The demonic crawler barely misses you.
The demonic crawler completely misses you.
Your lightning spire shoots out a bolt of lightning at the demonic crawler!
The bolt of electricity hits the demonic crawler.
The demonic crawler resists.
The bolt of electricity hits the redback.
The redback dies!
Sif Muna accepts your kill.
The redback bites you but does no damage.
The jumping spider leaps!
The tarantella bites you but does no damage.
Your lightning spire shoots out a bolt of lightning at the demonic crawler!
The bolt of electricity hits the demonic crawler.
The demonic crawler resists.
The demonic crawler hits your lightning spire but does no damage.
The demonic crawler hits your lightning spire.
The demonic crawler hits your lightning spire but does no damage.
Are you sure you want to stumble around while confused and next to your lightning spire?
Okay, then.
Unknown command.
Are you sure you want to stumble around while confused and next to your lightning spire?
Okay, then.
Unknown command.
The redback is no longer moving slowly.
The wolf spider hits you!
The wolf spider bites you but does no damage.
The demonic crawler hits your lightning spire.
The demonic crawler hits your lightning spire!
The demonic crawler hits your lightning spire but does no damage.
You take 8 damage, and have 43/115 hp.
You feel better.
The wolf spider hits you but does no damage.
The wolf spider completely misses you. The redback closely misses you.
The tarantella bites you.
You are confused.
The demonic crawler hits your lightning spire but does no damage. x3
Your lightning spire shoots out a bolt of lightning at the demonic crawler!
The bolt of electricity hits the demonic crawler.
The demonic crawler resists.
The bolt of electricity hits the wolf spider.
The bolt of electricity hits the tarantella.
The wolf spider hits you!
The wolf spider bites you but does no damage.
The redback misses you.
You take 7 damage, and have 36/115 hp.
Unknown command.
Unknown command.
You feel better.
The demonic crawler hits your lightning spire.
The demonic crawler hits your lightning spire but does no damage.
The demonic crawler hits your lightning spire.
The wolf spider closely misses you. The wolf spider misses you.
The tarantella misses you. The redback barely misses you.
The demonic crawler hits your lightning spire!
Your lightning spire is destroyed!
You regained 12 hp, and now have 48/115 hp.
You closely miss the tarantella. You slash the redback!
The redback is poisoned.
You hit the demonic crawler. You hit the wolf spider.
The wolf spider is poisoned.
The wolf spider hits you. The wolf spider barely misses you.
The redback barely misses you. You block the tarantella's attack.
The wolf spider hits you! You block the wolf spider's attack.
The demonic crawler closely misses you. The demonic crawler hits you!
* * * LOW HITPOINT WARNING * * *
The demonic crawler hits you but does no damage.
You block the redback's attack. The tarantella misses you.
You take 18 damage, and have 30/115 hp.
You miss the tarantella. You hit the wolf spider.
The wolf spider looks as sick as possible!
You barely miss the demonic crawler. You closely miss the redback.
You block the wolf spider's attack.
The wolf spider bites you but does no damage.
The demonic crawler hits you but does no damage.
The demonic crawler misses you.
The demonic crawler hits you but does no damage.
The redback bites you but does no damage.
The wolf spider completely misses you. The wolf spider misses you.
The tarantella bites you.
* * * LOW HITPOINT WARNING * * *
You block the redback's attack. The demonic crawler closely misses you.
The demonic crawler hits you.
* * * LOW HITPOINT WARNING * * *
The demonic crawler hits you but does no damage.
The wolf spider hits you!!
* * * LOW HITPOINT WARNING * * *
You block the wolf spider's attack.
The redback bites you but does no damage.
The demonic crawler completely misses you.
The demonic crawler barely misses you. The demonic crawler hits you.
* * * LOW HITPOINT WARNING * * *
The tarantella bites you!
You die...

########
...$..#
##^....#
#s@s..#
#.s#s#.#
...#.
s.. ..
.. ...#
. #..
.#.#
∆.##
..#.


You could see a demonic crawler, a wolf spider, 2 tarantellas and a redback.

Vanquished Creatures
  Frances (D:14)
  2 dire elephants (Lair:6)
  2 ice dragons (D:15)
  An anaconda (Lair:6)
  3 hydras
  4 centaur warriors
  3 two-headed ogres
  2 death yaks (Lair:6)
  The ghost of Nico3ck the Destroyer, a novice DsFE of Okawaru (D:9)
  The ghost of tidbits the Martial Artist, a novice GnTm of Cheibriados (D:12)
  A fire crab (Lair:3)
  An unseen horror (D:15)
  Pikel (D:8)
  A deep elf mage (D:15)
  An oklob plant (Lair:6)
  4 cyclopes
  2 manticores
  15 ugly things
  2 centaur zombies
  3 black mambas
  Maurice (D:8)
  Psyche (D:8)
  16 elephants
  2 gargoyles
  10 spiny frogs
  2 torpor snails
  A spiny frog (shapeshifter) (D:13)
  7 komodo dragons
  3 kobold demonologists
  A rime drake (Lair:3)
  2 polar bears
  2 hornets
  5 trolls
  A meliai (shapeshifter) (D:13)
  2 jumping spiders (Spider:1)
  A tyrant leech (Lair:4)
  A hornet (shapeshifter) (D:14)
  4 dream sheep (Lair:4)
  A slime creature (Lair:6)
  5 blink frogs (Lair:4)
  11 hippogriffs
  7 redbacks
  A redback (shapeshifter) (D:13)
  39 yaks
  Sigmund (D:5)
  3 wyverns
  5 fire bats (Volcano)
  A wraith (D:14)
  A basilisk (Lair:5)
  4 hogs (D:7)
  A tarantella (Spider:1)
  3 vampires
  A fire elemental (Lair:3)
  A human (D:7)
  Grum (D:8)
  A steam dragon (D:11)
  4 hungry ghosts
  2 vampire mosquitoes (D:12)
  A soldier ant (D:12)
  5 wargs
  6 swamp worms (Lair:6)
  4 hell hounds
  9 water moccasins
  11 porcupines
  2 sky beasts
  10 orc warriors
  5 ice beasts
  An eye of draining (D:11)
  A sky beast (shapeshifter) (D:14)
  A black bear (D:9)
  2 phantoms
  A slave (D:7)
  12 ogres
  16 centaurs
  A necrophage (D:12)
  11 wolves
  18 crocodiles
  A big kobold (D:9)
  A gnoll sergeant (D:9)
  20 bullfrogs
  A wyvern skeleton (D:11)
  A wyvern zombie (D:6)
  8 killer bees
  7 wights
  2 electric eels (Lair:4)
  3 howler monkeys
  8 crimson imps
  6 jellies
  2 bullfrog zombies
  11 orc priests
  4 bullfrog skeletons
  9 hounds
  11 orc wizards
  3 centaur skeletons
  5 iguanas
  11 worker ants
  A hound skeleton (D:8)
  2 worker ant zombies
  A howler monkey zombie (D:10)
  11 gnolls
  9 adders
  3 shadow imps
  2 adder skeletons
  2 adder zombies
  17 worms
  4 dart slugs
  6 leopard geckos
  76 orcs
  3 ball pythons
  8 giant cockroaches
  5 goblins
  6 hobgoblins
  26 jackals
  8 quokkas
  4 bats
  2 frilled lizards
  A jackal skeleton (D:6)
  12 kobolds
  3 quokka skeletons
  7 rats
  7 fungi
  7 plants
670 creatures vanquished.

Vanquished Creatures (collateral kills)
  A fire crab (Lair:3)
  An orc knight (D:15)
  A jumping spider (Spider:1)
  2 redbacks (Spider:1)
  A fire bat (Lair:3)
  A hell hound (Lair:3)
  An orc warrior (D:15)
  An ogre (D:4)
  2 centaurs (D:15)
  An orc priest (D:5)
  An orc wizard (D:5)
13 creatures vanquished.

Vanquished Creatures (others)
  3 slaves (D:8)
  A scorpion (D:8)
  A hound (D:9)
  A killer bee zombie (D:8)
  11 fungi
  14 plants
31 creatures vanquished.

Grand Total: 714 creatures vanquished

Notes
Turn   | Place    | Note
-------+----------+-------------------------------------------
     0 | D:1      | mhoghedin the Gnoll Wanderer began the quest for the Orb.
     0 | D:1      | mhoghedin set off with: a +0 robe, a +0 club, a ration
     0 | D:1      | Reached XP level 1. HP: 13/13 MP: 8/8
   141 | D:1      | Learned a level 1 spell: Flame Tongue
   216 | D:1      | Reached XP level 2. HP: 19/19 MP: 8/10
   346 | D:1      | Learned a level 2 spell: Blink
   349 | D:1      | Learned a level 2 spell: Call Imp
   506 | D:1      | Reached XP level 3. HP: 25/25 MP: 7/11
   641 | D:1      | Learned a level 3 spell: Ignite Poison
   645 | D:1      | Learned a level 3 spell: Mephitic Cloud
   647 | D:1      | Learned a level 1 spell: Apportation
  1150 | D:2      | Reached skill level 1 in Invocations
  1338 | D:2      | Reached skill level 1 in Fighting
  1338 | D:2      | Reached skill level 1 in Short Blades
  1338 | D:2      | Reached skill level 1 in Long Blades
  1338 | D:2      | Reached skill level 1 in Axes
  1338 | D:2      | Reached skill level 1 in Maces & Flails
  1338 | D:2      | Reached skill level 1 in Polearms
  1338 | D:2      | Reached skill level 1 in Staves
  1338 | D:2      | Reached skill level 1 in Slings
  1338 | D:2      | Reached skill level 1 in Bows
  1338 | D:2      | Reached skill level 1 in Crossbows
  1338 | D:2      | Reached skill level 1 in Armour
  1338 | D:2      | Reached skill level 1 in Dodging
  1338 | D:2      | Reached skill level 1 in Shields
  1338 | D:2      | Reached skill level 1 in Unarmed Combat
  1338 | D:2      | Reached skill level 1 in Evocations
  1399 | D:2      | Reached XP level 4. HP: 32/32 MP: 10/13
  1977 | D:2      | Found a shadowy altar of Dithmenos.
  1977 | D:2      | Found a hide-covered altar of Uskayaw.
  2010 | D:2      | Found a blossoming altar of Fedhas.
  2157 | D:2      | Reached skill level 1 in Conjurations
  2157 | D:2      | Reached skill level 1 in Hexes
  2157 | D:2      | Reached skill level 1 in Charms
  2157 | D:2      | Reached skill level 1 in Summonings
  2157 | D:2      | Reached skill level 1 in Translocations
  2157 | D:2      | Reached skill level 1 in Transmutations
  2157 | D:2      | Reached skill level 1 in Ice Magic
  2157 | D:2      | Reached skill level 1 in Air Magic
  2157 | D:2      | Reached skill level 1 in Earth Magic
  2157 | D:2      | Reached skill level 1 in Poison Magic
  2316 | D:3      | Reached XP level 5. HP: 29/37 MP: 5/14
  2904 | D:3      | Found a bloodstained altar of Trog.
  2904 | D:3      | Found a white marble altar of Elyvilon.
  3059 | D:3      | Found an ornate altar of the Wu Jian Council.
  3303 | D:4      | Reached skill level 3 in Throwing
  3303 | D:4      | Reached skill level 4 in Necromancy
  3333 | D:4      | Noticed an ogre
  3340 | D:4      | Killed an ogre
  3340 | D:4      | Reached skill level 3 in Stealth
  3340 | D:4      | Reached skill level 2 in Invocations
  3340 | D:4      | Reached XP level 6. HP: 34/44 MP: 6/16
  3396 | D:4      | Found the +5 robe of Night {Dark MR+ SInv}
  3814 | D:4      | Reached skill level 2 in Fighting
  3814 | D:4      | Reached skill level 2 in Short Blades
  3814 | D:4      | Reached skill level 2 in Long Blades
  3814 | D:4      | Reached skill level 2 in Axes
  3814 | D:4      | Reached skill level 2 in Maces & Flails
  3814 | D:4      | Reached skill level 2 in Polearms
  3814 | D:4      | Reached skill level 2 in Staves
  3814 | D:4      | Reached skill level 2 in Slings
  3814 | D:4      | Reached skill level 2 in Bows
  3814 | D:4      | Reached skill level 2 in Crossbows
  3814 | D:4      | Reached skill level 2 in Armour
  3814 | D:4      | Reached skill level 2 in Dodging
  3814 | D:4      | Reached skill level 2 in Shields
  3814 | D:4      | Reached skill level 2 in Unarmed Combat
  3814 | D:4      | Reached skill level 2 in Evocations
  3926 | D:4      | Found Hubyxiuh's General Store.
  4706 | D:4      | Reached XP level 7. HP: 26/50 MP: 1/18
  5041 | D:5      | Entered Level 5 of the Dungeon
  5151 | D:5      | Reached skill level 2 in Conjurations
  5151 | D:5      | Reached skill level 2 in Hexes
  5151 | D:5      | Reached skill level 2 in Charms
  5151 | D:5      | Reached skill level 2 in Summonings
  5151 | D:5      | Reached skill level 2 in Translocations
  5151 | D:5      | Reached skill level 2 in Transmutations
  5151 | D:5      | Reached skill level 2 in Ice Magic
  5151 | D:5      | Reached skill level 2 in Air Magic
  5151 | D:5      | Reached skill level 2 in Earth Magic
  5151 | D:5      | Reached skill level 2 in Poison Magic
  5341 | D:5      | Found an ancient bone altar of Kikubaaqudgha.
  5361 | D:5      | Reached skill level 3 in Invocations
  5363 | D:5      | Noticed Sigmund
  5383 | D:5      | Killed Sigmund
  5383 | D:5      | Reached skill level 6 in Fire Magic
  5383 | D:5      | Reached XP level 8. HP: 48/57 MP: 4/19
  5398 | D:5      | Reached skill level 4 in Throwing
  5478 | D:5      | Found a basalt altar of Yredelemnul.
  5576 | D:5      | Found Siexuczoe's Jewellery Emporium.
  5678 | D:5      | Reached skill level 3 in Fighting
  5678 | D:5      | Reached skill level 3 in Short Blades
  5678 | D:5      | Reached skill level 3 in Long Blades
  5678 | D:5      | Reached skill level 3 in Axes
  5678 | D:5      | Reached skill level 3 in Maces & Flails
  5678 | D:5      | Reached skill level 3 in Polearms
  5678 | D:5      | Reached skill level 3 in Staves
  5678 | D:5      | Reached skill level 3 in Slings
  5678 | D:5      | Reached skill level 3 in Bows
  5678 | D:5      | Reached skill level 3 in Crossbows
  5678 | D:5      | Reached skill level 3 in Armour
  5678 | D:5      | Reached skill level 3 in Dodging
  5678 | D:5      | Reached skill level 3 in Shields
  5678 | D:5      | Reached skill level 3 in Unarmed Combat
  5678 | D:5      | Reached skill level 3 in Evocations
  5809 | D:5      | Reached skill level 4 in Stealth
  6342 | D:6      | Reached skill level 8 in Spellcasting
  6445 | D:6      | Found a glowing golden altar of the Shining One.
  6747 | D:6      | Reached skill level 3 in Conjurations
  6747 | D:6      | Reached skill level 3 in Hexes
  6747 | D:6      | Reached skill level 3 in Charms
  6747 | D:6      | Reached skill level 3 in Summonings
  6747 | D:6      | Reached skill level 3 in Translocations
  6747 | D:6      | Reached skill level 3 in Transmutations
  6747 | D:6      | Reached skill level 3 in Ice Magic
  6747 | D:6      | Reached skill level 3 in Air Magic
  6747 | D:6      | Reached skill level 3 in Earth Magic
  6747 | D:6      | Reached skill level 3 in Poison Magic
  6747 | D:6      | Reached skill level 4 in Invocations
  6948 | D:6      | Reached XP level 9. HP: 65/65 MP: 11/21
  7096 | D:7      | Reached skill level 5 in Necromancy
  7239 | D:7      | Found a staircase to the Ecumenical Temple.
  7274 | D:7      | Found Mieckah's Jewellery Shoppe.
  7315 | D:7      | Reached skill level 4 in Fighting
  7315 | D:7      | Reached skill level 4 in Short Blades
  7315 | D:7      | Reached skill level 4 in Long Blades
  7315 | D:7      | Reached skill level 4 in Axes
  7315 | D:7      | Reached skill level 4 in Maces & Flails
  7315 | D:7      | Reached skill level 4 in Polearms
  7315 | D:7      | Reached skill level 4 in Staves
  7315 | D:7      | Reached skill level 4 in Slings
  7315 | D:7      | Reached skill level 4 in Bows
  7315 | D:7      | Reached skill level 4 in Crossbows
  7315 | D:7      | Reached skill level 4 in Armour
  7315 | D:7      | Reached skill level 4 in Dodging
  7315 | D:7      | Reached skill level 4 in Shields
  7315 | D:7      | Reached skill level 4 in Unarmed Combat
  7315 | D:7      | Reached skill level 4 in Evocations
  7439 | Temple   | Entered the Ecumenical Temple
  7689 | Temple   | Became a worshipper of Sif Muna the Loreminder
  7832 | D:7      | Reached skill level 5 in Throwing
  7833 | D:7      | Reached skill level 5 in Stealth
  7848 | D:7      | Reached skill level 5 in Invocations
  8011 | D:8      | Noticed Psyche
  8017 | D:8      | Killed Psyche
  8017 | D:8      | Reached XP level 10. HP: 71/73 MP: 10/22
  8024 | D:8      | Noticed Pikel
  8091 | D:8      | Killed Pikel
  8091 | D:8      | Reached skill level 4 in Conjurations
  8091 | D:8      | Reached skill level 4 in Hexes
  8091 | D:8      | Reached skill level 4 in Charms
  8091 | D:8      | Reached skill level 4 in Summonings
  8091 | D:8      | Reached skill level 4 in Translocations
  8091 | D:8      | Reached skill level 4 in Transmutations
  8091 | D:8      | Reached skill level 4 in Ice Magic
  8091 | D:8      | Reached skill level 4 in Air Magic
  8091 | D:8      | Reached skill level 4 in Earth Magic
  8091 | D:8      | Reached skill level 4 in Poison Magic
  8236 | D:8      | Found a burning altar of Makhleb.
  8264 | D:8      | Reached skill level 5 in Fighting
  8264 | D:8      | Reached skill level 5 in Short Blades
  8264 | D:8      | Reached skill level 5 in Long Blades
  8264 | D:8      | Reached skill level 5 in Axes
  8264 | D:8      | Reached skill level 5 in Maces & Flails
  8264 | D:8      | Reached skill level 5 in Polearms
  8264 | D:8      | Reached skill level 5 in Staves
  8264 | D:8      | Reached skill level 5 in Slings
  8264 | D:8      | Reached skill level 5 in Bows
  8264 | D:8      | Reached skill level 5 in Crossbows
  8264 | D:8      | Reached skill level 5 in Armour
  8264 | D:8      | Reached skill level 5 in Dodging
  8264 | D:8      | Reached skill level 5 in Shields
  8264 | D:8      | Reached skill level 5 in Unarmed Combat
  8264 | D:8      | Reached skill level 5 in Evocations
  8318 | D:8      | Reached * piety under Sif Muna
  8318 | D:8      | Reached skill level 7 in Fire Magic
  8340 | D:8      | Found a staircase to the Lair.
  8555 | D:8      | Noticed Grum
  8568 | D:8      | Killed Grum
  8796 | D:8      | Reached skill level 9 in Spellcasting
  8829 | D:8      | Noticed Maurice
  8861 | D:8      | Killed Maurice
  8861 | D:8      | Reached skill level 6 in Throwing
  9119 | D:8      | Found Mirukigg's Weapon Shoppe.
  9214 | D:8      | Reached skill level 6 in Stealth
  9561 | Lair:1   | Entered Level 1 of the Lair of Beasts
  9677 | Lair:1   | Reached skill level 6 in Necromancy
  9677 | Lair:1   | Reached skill level 6 in Invocations
 10674 | D:5      | Bought the ring of the Forsaken Realms {rElec rPois rC+ MR+} for 559 gold pieces
 10803 | Lair:2   | Reached XP level 11. HP: 47/81 MP: 8/24
 11541 | Lair:2   | Reached ** piety under Sif Muna
 11674 | Lair:2   | Reached skill level 6 in Fighting
 11674 | Lair:2   | Reached skill level 6 in Short Blades
 11674 | Lair:2   | Reached skill level 6 in Long Blades
 11674 | Lair:2   | Reached skill level 6 in Axes
 11674 | Lair:2   | Reached skill level 6 in Maces & Flails
 11674 | Lair:2   | Reached skill level 6 in Polearms
 11674 | Lair:2   | Reached skill level 6 in Staves
 11674 | Lair:2   | Reached skill level 6 in Slings
 11674 | Lair:2   | Reached skill level 6 in Bows
 11674 | Lair:2   | Reached skill level 6 in Crossbows
 11674 | Lair:2   | Reached skill level 6 in Armour
 11674 | Lair:2   | Reached skill level 6 in Dodging
 11674 | Lair:2   | Reached skill level 6 in Shields
 11674 | Lair:2   | Reached skill level 6 in Unarmed Combat
 11674 | Lair:2   | Reached skill level 5 in Conjurations
 11674 | Lair:2   | Reached skill level 5 in Hexes
 11674 | Lair:2   | Reached skill level 5 in Charms
 11674 | Lair:2   | Reached skill level 5 in Summonings
 11674 | Lair:2   | Reached skill level 5 in Translocations
 11674 | Lair:2   | Reached skill level 5 in Transmutations
 11674 | Lair:2   | Reached skill level 5 in Ice Magic
 11674 | Lair:2   | Reached skill level 5 in Air Magic
 11674 | Lair:2   | Reached skill level 5 in Earth Magic
 11674 | Lair:2   | Reached skill level 5 in Poison Magic
 11674 | Lair:2   | Reached skill level 6 in Evocations
 12172 | Lair:2   | Identified a scroll of acquirement
 12644 | Lair:3   | Found a transporter.
 12956 | Lair:3   | Found a transporter.
 13352 | Lair:3   | Reached skill level 7 in Invocations
 13511 | Lair:3   | Learned a level 2 spell: Ensorcelled Hibernation
 13525 | Lair:3   | Reached skill level 7 in Throwing
 13567 | Lair:3   | Found a runed door.
 13781 | Lair:3   | Noticed a fire crab
 13782 | Lair:3   | Noticed a fire crab
 14380 | Lair:3   | Noticed a seven-headed hydra
 14384 | Lair:3   | HP: 20/83 [seven-headed hydra (4)]
 14384 | Lair:3   | HP: 1/83 [seven-headed hydra (11)]
 14385 | Lair:3   | Killed a seven-headed hydra
 14385 | Lair:3   | Reached skill level 7 in Stealth
 14762 | Lair:3   | Learned a level 5 spell: Fireball
 14802 | Lair:3   | Killed a fire crab
 14804 | Lair:3   | Reached XP level 12. HP: 69/89 MP: 25/25
 14809 | Lair:3   | Reached skill level 8 in Fire Magic
 14819 | Lair:3   | Got an encrusted cloak
 14847 | Lair:3   | Identified the +1 cloak of Syndicalism {rC++ rN+ Regen+ Dex+2} (You found it on level 3 of the Lair of Beasts)
 15094 | Lair:4   | Reached skill level 10 in Spellcasting
 15094 | Lair:4   | Reached skill level 7 in Necromancy
 15176 | Lair:4   | Found a staircase to the Swamp.
 15186 | Lair:4   | Noticed a four-headed hydra
 15192 | Lair:4   | Killed a four-headed hydra
 15192 | Lair:4   | Reached skill level 7 in Fighting
 15192 | Lair:4   | Reached skill level 7 in Short Blades
 15192 | Lair:4   | Reached skill level 7 in Long Blades
 15192 | Lair:4   | Reached skill level 7 in Axes
 15192 | Lair:4   | Reached skill level 7 in Maces & Flails
 15192 | Lair:4   | Reached skill level 7 in Polearms
 15192 | Lair:4   | Reached skill level 7 in Staves
 15192 | Lair:4   | Reached skill level 7 in Slings
 15192 | Lair:4   | Reached skill level 7 in Bows
 15192 | Lair:4   | Reached skill level 7 in Crossbows
 15192 | Lair:4   | Reached skill level 7 in Armour
 15192 | Lair:4   | Reached skill level 7 in Dodging
 15192 | Lair:4   | Reached skill level 7 in Shields
 15192 | Lair:4   | Reached skill level 7 in Unarmed Combat
 15192 | Lair:4   | Reached skill level 7 in Evocations
 15603 | Lair:4   | Reached *** piety under Sif Muna
 15613 | Lair:4   | HP: 22/91 [poisoned by a redback]
 15618 | Lair:4   | HP: 19/91 [poisoned by a redback]
 15623 | Lair:4   | HP: 17/91 [poisoned by a redback]
 15628 | Lair:4   | HP: 15/91 [poisoned by a redback]
 15634 | Lair:4   | HP: 15/91 [poisoned by a redback]
 15642 | Lair:4   | HP: 15/91 [poisoned by a redback]
 15988 | Lair:4   | Found a hole to the Spider Nest.
 16359 | Lair:4   | Reached skill level 6 in Conjurations
 16359 | Lair:4   | Reached skill level 6 in Hexes
 16359 | Lair:4   | Reached skill level 6 in Charms
 16359 | Lair:4   | Reached skill level 6 in Summonings
 16359 | Lair:4   | Reached skill level 6 in Translocations
 16359 | Lair:4   | Reached skill level 6 in Transmutations
 16359 | Lair:4   | Reached skill level 6 in Ice Magic
 16359 | Lair:4   | Reached skill level 6 in Air Magic
 16359 | Lair:4   | Reached skill level 6 in Earth Magic
 16359 | Lair:4   | Reached skill level 6 in Poison Magic
 16367 | Lair:4   | Reached skill level 8 in Invocations
 17727 | Lair:5   | Reached skill level 8 in Throwing
 17905 | Lair:5   | Reached skill level 8 in Stealth
 18678 | Lair:5   | Noticed a six-headed hydra
 18679 | Lair:5   | Killed a six-headed hydra
 18679 | Lair:5   | Reached XP level 13. HP: 98/98 MP: 27/27
 18772 | Lair:6   | Entered Level 6 of the Lair of Beasts
 18803 | Lair:5   | Reached **** piety under Sif Muna
 19269 | Lair:6   | Identified the Incunabulum of Enhancements and Transformation
 19307 | Lair:6   | Found a dark tunnel.
 19313 | Volcano  | Entered a volcano
 19683 | Lair:6   | Got a faintly humming plate armour
 19692 | Lair:6   | Found a staircase to the Slime Pits.
 19726 | Lair:6   | Reached skill level 8 in Fighting
 19726 | Lair:6   | Reached skill level 8 in Short Blades
 19726 | Lair:6   | Reached skill level 8 in Long Blades
 19726 | Lair:6   | Reached skill level 8 in Axes
 19726 | Lair:6   | Reached skill level 8 in Maces & Flails
 19726 | Lair:6   | Reached skill level 8 in Polearms
 19726 | Lair:6   | Reached skill level 8 in Staves
 19726 | Lair:6   | Reached skill level 8 in Slings
 19726 | Lair:6   | Reached skill level 8 in Bows
 19726 | Lair:6   | Reached skill level 8 in Crossbows
 19726 | Lair:6   | Reached skill level 8 in Armour
 19726 | Lair:6   | Reached skill level 8 in Dodging
 19726 | Lair:6   | Reached skill level 8 in Shields
 19726 | Lair:6   | Reached skill level 8 in Unarmed Combat
 19726 | Lair:6   | Reached skill level 8 in Evocations
 19778 | Lair:6   | HP: 22/98 [spiny frog (17)]
 20706 | Lair:6   | Reached skill level 9 in Invocations
 20908 | Lair:6   | Reached skill level 8 in Necromancy
 20927 | Lair:6   | HP: 22/99 [death yak[a torpor snail] (17)]
 20943 | Lair:6   | Reached skill level 7 in Conjurations
 20943 | Lair:6   | Reached skill level 7 in Hexes
 20943 | Lair:6   | Reached skill level 7 in Charms
 20943 | Lair:6   | Reached skill level 7 in Summonings
 20943 | Lair:6   | Reached skill level 7 in Translocations
 20943 | Lair:6   | Reached skill level 7 in Transmutations
 20943 | Lair:6   | Reached skill level 9 in Fire Magic
 20943 | Lair:6   | Reached skill level 7 in Ice Magic
 20943 | Lair:6   | Reached skill level 7 in Air Magic
 20943 | Lair:6   | Reached skill level 7 in Earth Magic
 20943 | Lair:6   | Reached skill level 7 in Poison Magic
 22028 | Lair:6   | Reached ***** piety under Sif Muna
 22028 | Lair:6   | Identified Sif Muna's Disquisition on Freezing Battle Magic (Sif Muna gifted it to you on level 6 of the Lair of Beasts)
 22028 | Lair:6   | Received a gift from Sif Muna
 22296 | Lair:6   | Reached skill level 11 in Spellcasting
 22396 | Lair:6   | Noticed a dire elephant
 22396 | Lair:6   | Noticed a dire elephant
 22624 | Lair:6   | Killed a dire elephant
 22624 | Lair:6   | Reached skill level 9 in Throwing
 22643 | Lair:6   | Noticed a dire elephant
 22971 | Lair:6   | Reached skill level 9 in Stealth
 23253 | Lair:6   | Noticed a dire elephant
 23272 | Lair:6   | Killed a dire elephant
 23272 | Lair:6   | Reached XP level 14. HP: 36/106 MP: 14/29
 23281 | Lair:6   | Noticed a dire elephant
 23541 | Lair:4   | Learned a level 2 spell: Swiftness
 23544 | Lair:4   | Learned a level 2 spell: Shroud of Golubria
 24197 | D:9      | Noticed Nico3ck's ghost (novice DsFE)
 24239 | D:9      | Killed Nico3ck's ghost
 24394 | D:9      | Identified the +1 plate armour of Lucidity {Dex+3} (You found it on level 6 of the Lair of Beasts)
 24624 | D:9      | Found Myer's Jewellery Shop.
 24867 | D:9      | Found a sacrificial altar of Ru.
 25110 | D:10     | Entered Level 10 of the Dungeon
 25318 | D:10     | Found a shimmering altar of Xom.
 25320 | D:10     | Found a shimmering altar of Xom.
 25320 | D:10     | Found a shimmering altar of Xom.
 25320 | D:10     | Found a shimmering altar of Xom.
 25320 | D:10     | Found a shimmering altar of Xom.
 25561 | D:10     | Found a staircase to the Orcish Mines.
 25595 | D:10     | Learned a level 4 spell: Summon Lightning Spire
 25897 | D:10     | Reached skill level 9 in Fighting
 25897 | D:10     | Reached skill level 9 in Short Blades
 25897 | D:10     | Reached skill level 9 in Long Blades
 25897 | D:10     | Reached skill level 9 in Axes
 25897 | D:10     | Reached skill level 9 in Maces & Flails
 25897 | D:10     | Reached skill level 9 in Polearms
 25897 | D:10     | Reached skill level 9 in Staves
 25897 | D:10     | Reached skill level 9 in Slings
 25897 | D:10     | Reached skill level 9 in Bows
 25897 | D:10     | Reached skill level 9 in Crossbows
 25897 | D:10     | Reached skill level 9 in Armour
 25897 | D:10     | Reached skill level 9 in Dodging
 25897 | D:10     | Reached skill level 9 in Shields
 25897 | D:10     | Reached skill level 9 in Unarmed Combat
 25897 | D:10     | Reached skill level 9 in Evocations
 26332 | D:11     | Found Xetseyc's Gadget Emporium.
 27254 | D:12     | Noticed tidbits's ghost (novice GnTm)
 27271 | D:12     | Killed tidbits's ghost
 27317 | D:12     | Found Bead's Gadget Boutique.
 27541 | D:12     | Reached skill level 10 in Invocations
 28227 | D:12     | Learned a level 5 spell: Metabolic Englaciation
 28488 | D:13     | Found a gate to the Vaults.
 29177 | D:14     | Found a blossoming altar of Fedhas.
 29265 | D:14     | Identified Juizys's Papyrus of Damage Dealing (Sif Muna gifted it to you on level 14 of the Dungeon)
 29265 | D:14     | Received a gift from Sif Muna
 29398 | D:14     | Noticed Frances
 29416 | D:14     | Killed Frances
 29850 | D:14     | Reached skill level 8 in Conjurations
 29850 | D:14     | Reached skill level 8 in Hexes
 29850 | D:14     | Reached skill level 8 in Charms
 29850 | D:14     | Reached skill level 8 in Summonings
 29850 | D:14     | Reached skill level 8 in Translocations
 29850 | D:14     | Reached skill level 8 in Transmutations
 29850 | D:14     | Reached skill level 8 in Ice Magic
 29850 | D:14     | Reached skill level 8 in Air Magic
 29850 | D:14     | Reached skill level 8 in Earth Magic
 29850 | D:14     | Reached skill level 8 in Poison Magic
 29967 | D:14     | Reached XP level 15. HP: 106/114 MP: 30/30
 30056 | D:14     | Reached skill level 9 in Necromancy
 30348 | D:15     | Entered Level 15 of the Dungeon
 30471 | D:15     | Reached skill level 10 in Throwing
 30732 | D:15     | Reached skill level 10 in Stealth
 30770 | D:15     | Found a staircase to the Depths.
 30845 | D:15     | HP: 24/115 [centaur/arrow[a centaur warrior] (9)]
 30848 | D:15     | HP: 8/115 [centaur/arrow[a centaur warrior] (14)]
 31095 | D:15     | Learned a level 5 spell: Alistair's Intoxication
 31751 | Spider:1 | Entered Level 1 of the Spider Nest
 31779 | Spider:1 | HP: 5/115 [wolf spider (24)]
 31779 | Spider:1 | Mangled by a tarantella

Vault maps used:
D:1:      elethiomel_arrival_shortcut
D:2:      fedhas_altar_4, gammafunk_temple_overflow_wave, minmay_tetromino_o2
D:3:      lemuel_coloured_pillars_altar, gammafunk_temple_overflow_elements
D:4:      serial_bayou, serial_bayou_shore_b, serial_bayou_pond_a,
          serial_bayou_ford_a, serial_bayou_pond_e, serial_shops, shop
D:5:      old_standard_altar, kennysheep_mini_moat, first_ration, serial_shops,
          shop, serial_bayou_pond_d, uniq_sigmund
D:6:      tso_oasis_becter
D:7:      minmay_temple_entry_overgrown, serial_shops, shop_coins,
          grunt_livestock
D:8:      lemuel_crystal_altar, minmay_lair_entry_lava, serial_shops,
          shop_fountains, grunt_decor_clamped, uniq_maurice, uniq_psyche,
          uniq_grum, uniq_pikel
D:9:      nicolae_ru_the_path_less_chosen, serial_shops,
          nicolae_shop_behind_doors, special_room, roderic_serpentine_path,
          grunt_ministairs_2
D:10:     minmay_orc_entry_guard_dogs, xom_shifter_show
D:11:     serial_shops, shop
D:12:     serial_shops, nicolae_shop_trees, st_stairs_12
D:13:     david_vaults_2, nicolae_straight_to_the_point
D:14:     lemuel_round_altar, uniq_frances
D:15:     grunt_enter_depths_hoard, serial_park_square1,
          hangedman_decor_growths, nrook_mini_vaults
Temple:   minmay_temple_curvy_loop
Lair:2:   lab_entry_generic, beast_lair_carwin_9, serial_bayou_shore_b,
          grunt_megastairs_3
Lair:3:   gammafunk_cloud_chamber, pf_torpor_hydra, serial_bayou_shore_b,
          lemuel_fruit_tree, grunt_megastairs_2
Lair:4:   minmay_swamp_entry_worms, spider_nest_entry_webs, serial_bayou_shore_a
Lair:5:   st_stairs_4, beast_lair_carwin_2
Lair:6:   due_jungle_book, minmay_slime_entry_pillars, enter_volcano_1,
          worms_lemuel
Spider:1: uniq_roxanne, uniq_agnes
Volcano:  volcano_caves

Skill      XL: |  1  2  3  4  5  6  7  8  9 10 11 12 13 14 15 |
---------------+----------------------------------------------+-----
Invocations    | 1 2 3 4 5 6 7 8 9 10 | 10.7
Fighting       | 1 2 3 4 5 6 7 8 9 |  9.8
Short Blades   | 1 2 3 4 5 6 7 8 9 |  9.8
Long Blades    | 1 2 3 4 5 6 7 8 9 |  9.8
Axes           | 1 2 3 4 5 6 7 8 9 |  9.8
Maces & Flails | 1 2 3 4 5 6 7 8 9 |  9.8
Polearms       | 1 2 3 4 5 6 7 8 9 |  9.8
Staves         | 1 2 3 4 5 6 7 8 9 |  9.8
Slings         | 1 2 3 4 5 6 7 8 9 |  9.8
Bows           | 1 2 3 4 5 6 7 8 9 |  9.8
Crossbows      | 1 2 3 4 5 6 7 8 9 |  9.8
Armour         | 1 2 3 4 5 6 7 8 9 |  9.8
Dodging        | 1 2 3 4 5 6 7 8 9 |  9.8
Shields        | 1 2 3 4 5 6 7 8 9 |  9.8
Unarmed Combat | 1 2 3 4 5 6 7 8 9 |  9.8
Evocations     | 1 2 3 4 5 6 7 8 9 |  9.8
Conjurations   | 1 2 3 4 5 6 7 8 |  8.3
Hexes          | 1 2 3 4 5 6 7 8 |  8.3
Charms         | 1 2 3 4 5 6 7 8 |  8.3
Summonings     | 1 2 3 4 5 6 7 8 |  8.3
Translocations | 1 2 3 4 5 6 7 8 |  8.3
Transmutations | 1 2 3 4 5 6 7 8 |  8.3
Ice Magic      | 1 2 3 4 5 6 7 8 |  8.3
Air Magic      | 1 2 3 4 5 6 7 8 |  8.3
Earth Magic    | 1 2 3 4 5 6 7 8 |  8.3
Poison Magic   | 1 2 3 4 5 6 7 8 |  8.3
Throwing       | 3 4 5 6 7 8 9 10 | 10.2
Necromancy     | 4 5 6 7 8 9 |  9.2
Stealth        | 3 4 5 6 7 8 9 10 | 10.1
Fire Magic     | 6 7 8 9 |  9.9
Spellcasting   | 8 9 10 11 | 11.9

Action                   |  1- 3 |  4- 6 |  7- 9 | 10-12 | 13-15 || total
-------------------------+-------+-------+-------+-------+-------++-------
Melee: Club              |     8 |     9 |       |       |       ||    17
       Bite              |       |     1 |    25 |    37 |   162 ||   225
       Dagger            |       |       |   203 |   320 |   250 ||   773
       Punch             |       |       |     2 |     8 |    11 ||    21
       Broad axe         |       |       |       |       |   907 ||   907
 Cast: Flame Tongue      |    79 |    99 |    43 |    30 |    20 ||   271
       Mephitic Cloud    |     2 |    10 |    22 |    71 |   101 ||   206
       Ignite Poison     |     2 |     7 |    13 |    42 |    59 ||   123
       Call Imp          |       |     1 |     1 |     1 |       ||     3
       Ensorcelled Hiber |       |       |       |    12 |       ||    12
       Fireball          |       |       |       |    19 |     5 ||    24
       Blink             |       |       |       |       |     1 ||     1
       Metabolic Englaci |       |       |       |       |     8 ||     8
       Summon Lightning  |       |       |       |       |     6 ||     6
       Alistair's Intoxi |       |       |       |       |     5 ||     5
Invok: Divine Energy     |       |       |       |     1 |       ||     1
       Channel Magic     |       |       |       |       |     1 ||     1
Evoke: Wand              |       |     1 |     1 |    10 |     5 ||    17
       Box of beasts     |       |       |       |     2 |       ||     2
       Fan of gales      |       |       |       |     1 |     1 ||     2
  Use: Scroll            |       |     7 |     2 |    12 |    16 ||    37
       Potion            |       |       |       |     3 |     5 ||     8
 Stab: Paralysed         |       |     6 |     1 |       |       ||     7
       Sleeping          |       |       |     3 |     8 |    38 ||    49
       Confused          |       |       |     3 |    10 |    15 ||    28
       Distracted        |       |       |       |     2 |     3 ||     5
  Eat: Chunk             |     1 |     5 |     5 |     8 |    15 ||    34
       Ration            |       |     2 |     2 |     8 |    12 ||    24
Armor: Robe              |    14 |    14 |    51 |    83 |   337 ||   499
       Leather armour    |       |     2 |       |       |       ||     2
Dodge: Dodged            |    34 |    43 |   110 |   281 |   970 ||  1438
Block: Buckler           |       |       |       |       |   497 ||   497

Table legend:
 A = Spawn XP
 B = Non-spawn XP
 C = Spawn XP percentage of total XP
 D = Spawn monster count
 E = Non-spawn monster count
 F = Spawn count percentage of total count
 G = Total turns spent on level
                    A         B        C        D         E        F      G
               +---------+---------+-------+---------+---------+-------+---------
         Total |       0 |  103306 |   0.0 |       0 |     668 |   0.0 | 31779
               +---------+---------+-------+---------+---------+-------+---------
           D:1 |       0 |      52 |   0.0 |       0 |      30 |   0.0 |  1113
           D:2 |       0 |      95 |   0.0 |       0 |      21 |   0.0 |  1276
           D:3 |       0 |      65 |   0.0 |       0 |      20 |   0.0 |   826
           D:4 |       0 |     472 |   0.0 |       0 |      25 |   0.0 |  1826
           D:5 |       0 |    1042 |   0.0 |       0 |      30 |   0.0 |  1194
           D:6 |       0 |     721 |   0.0 |       0 |      19 |   0.0 |   901
           D:7 |       0 |    1809 |   0.0 |       0 |      20 |   0.0 |   747
           D:8 |       0 |    3499 |   0.0 |       0 |      32 |   0.0 |  1601
           D:9 |       0 |    4638 |   0.0 |       0 |      76 |   0.0 |  1428
          D:10 |       0 |    4728 |   0.0 |       0 |      47 |   0.0 |  1169
          D:11 |       0 |    5419 |   0.0 |       0 |      49 |   0.0 |   802
          D:12 |       0 |    3417 |   0.0 |       0 |      20 |   0.0 |  1260
          D:13 |       0 |    5035 |   0.0 |       0 |      16 |   0.0 |   905
          D:14 |       0 |   11714 |   0.0 |       0 |      31 |   0.0 |  1194
          D:15 |       0 |   11634 |   0.0 |       0 |      32 |   0.0 |  1175
        Lair:1 |       0 |    1135 |   0.0 |       0 |       8 |   0.0 |  1162
        Lair:2 |       0 |    3491 |   0.0 |       0 |      18 |   0.0 |  2192
        Lair:3 |       0 |    7202 |   0.0 |       0 |      27 |   0.0 |  1999
        Lair:4 |       0 |    6621 |   0.0 |       0 |      31 |   0.0 |  2167
        Lair:5 |       0 |    6932 |   0.0 |       0 |      28 |   0.0 |  2376
        Lair:6 |       0 |   20178 |   0.0 |       0 |      71 |   0.0 |  3819
      Spider:1 |       0 |    2273 |   0.0 |       0 |      11 |   0.0 |    28
       Volcano |       0 |    1134 |   0.0 |       0 |       6 |   0.0 |   339
               +---------+---------+-------+---------+---------+-------+---------

Vault maps used:
D:1:      elethiomel_arrival_shortcut
D:2:      fedhas_altar_4, gammafunk_temple_overflow_wave, minmay_tetromino_o2
D:3:      lemuel_coloured_pillars_altar, gammafunk_temple_overflow_elements
D:4:      serial_bayou, serial_bayou_shore_b, serial_bayou_pond_a,
          serial_bayou_ford_a, serial_bayou_pond_e, serial_shops, shop
D:5:      old_standard_altar, kennysheep_mini_moat, first_ration, serial_shops,
          shop, serial_bayou_pond_d, uniq_sigmund
D:6:      tso_oasis_becter
D:7:      minmay_temple_entry_overgrown, serial_shops, shop_coins,
          grunt_livestock
D:8:      lemuel_crystal_altar, minmay_lair_entry_lava, serial_shops,
          shop_fountains, grunt_decor_clamped, uniq_maurice, uniq_psyche,
          uniq_grum, uniq_pikel
D:9:      nicolae_ru_the_path_less_chosen, serial_shops,
          nicolae_shop_behind_doors, special_room, roderic_serpentine_path,
          grunt_ministairs_2
D:10:     minmay_orc_entry_guard_dogs, xom_shifter_show
D:11:     serial_shops, shop
D:12:     serial_shops, nicolae_shop_trees, st_stairs_12
D:13:     david_vaults_2, nicolae_straight_to_the_point
D:14:     lemuel_round_altar, uniq_frances
D:15:     grunt_enter_depths_hoard, serial_park_square1,
          hangedman_decor_growths, nrook_mini_vaults
Temple:   minmay_temple_curvy_loop
Lair:2:   lab_entry_generic, beast_lair_carwin_9, serial_bayou_shore_b,
          grunt_megastairs_3
Lair:3:   gammafunk_cloud_chamber, pf_torpor_hydra, serial_bayou_shore_b,
          lemuel_fruit_tree, grunt_megastairs_2
Lair:4:   minmay_swamp_entry_worms, spider_nest_entry_webs, serial_bayou_shore_a
Lair:5:   st_stairs_4, beast_lair_carwin_2
Lair:6:   due_jungle_book, minmay_slime_entry_pillars, enter_volcano_1,
          worms_lemuel
Spider:1: uniq_roxanne, uniq_agnes
Volcano:  volcano_caves

Table legend:
 A = Turns spent in this place as a percentage of turns spent in the entire game.
 B = Non-inter-level travel turns spent in this place as a percentage of non-inter-level travel turns spent in the entire game.
 C = Inter-level travel turns spent in this place as a percentage of turns spent in this place.
 D = Turns resting spent in this place as a percentage of non-inter-level travel turns spent in this place.
 E = Turns spent auto-exploring this place as a percentage of non-inter-level travel turns spent in this place.
 F = Non-inter-level travel turns spent in this place divided by the number of levels of this place that you've seen.
                   A       B       C       D       E      F
               +-------+-------+-------+-------+-------+----------------------
         Total | 100.0 | 100.0 |   4.8 |  31.3 |  49.7 | 1260.6
       Dungeon |  54.8 |  54.7 |   5.0 |  20.2 |  58.6 | 1102.5
        Temple |   0.9 |   0.8 |  10.7 |   0.0 |  84.8 | 250.0
          Lair |  43.2 |  43.3 |   4.5 |  45.2 |  39.0 | 2183.2
   Spider Nest |   0.1 |   0.1 |   0.0 |   0.0 |   0.0 |  28.0
       Volcano |   1.1 |   1.1 |   0.0 |  62.5 |   2.1 | 339.0
               +-------+-------+-------+-------+-------+----------------------

Table legend:
 A = Kills in this place as a percentage of kills in entire the game.
 B = Kills by you in this place as a percentage of kills by you in the entire game.
 C = Kills by friends in this place as a percentage of kills by friends in the entire game.
 D = Other kills in this place as a percentage of other kills in the entire game.
 E = Experience gained in this place as a percentage of experience gained in the entire game.
 F = Experience gained in this place divided by the number of levels of this place that you have seen.
                   A       B       C       D       E      F
               +-------+-------+-------+-------+-------+----------------------
         Total | 100.0 | 100.0 | 100.0 | 100.0 | 100.0 | 4304.4
       Dungeon |  70.1 |  70.9 |  53.8 |  46.2 |  52.6 | 3622.7
          Lair |  27.4 |  27.1 |  23.1 |  46.2 |  44.1 | 7593.2
   Spider Nest |   1.6 |   1.2 |  23.1 |   0.0 |   2.2 | 2273.0
       Volcano |   0.9 |   0.8 |   0.0 |   7.7 |   1.1 | 1134.0
               +-------+-------+-------+-------+-------+----------------------
